Map: Tokamak LE

Players

ManlyManMeat - Winner!

  • Race: Zerg Zerg
  • League: Diamond
  • Spawn Location: 7:00

FUCXI

  • Race: Terran Terran
  • League: Diamond
  • Spawn Location: 1:00

VOD

Have the link to the VOD?

Description

Time

  • Played on: June 30, 2025, 11:33 a.m.
  • Length: 17:15
Show
View Real Time Build Order
Export as new Build Order

ManlyManMeat Zerg - Winner!

Build Orders: Hatch First 

Get SALT Encoding   

  12  0:00  Drone  
  13  0:08  Drone  
  14  0:18  Drone, Extractor  
  15  0:23  Overlord  
  15  0:41  Drone  
  16  0:47  Hatchery  
  15  0:50  Drone  
  15  0:54  Drone  
  17  0:58  Drone  
  18  1:13  Extractor  
  18  1:14  Spawning Pool  
  18  1:18  Drone  
  17  1:26  Drone  
  17  1:29  Drone  
  19  1:40  Drone  
  20  2:01  Queen x2  
  22  2:03  Zergling x4  
  26  2:10  Overlord  
  26  2:18  Metabolic Boost  
  26  2:25  Zergling x4  
  28  2:42  Drone x2  
  28  2:43  Drone x2, Overlord  
  32  2:52  Drone  
  33  3:06  Drone x3  
  33  3:07  Hatchery  
  33  3:12  Queen  
  36  3:24  Overlord  
  36  3:35  Overlord  
  36  3:36  Overlord  
  36  3:46  Drone x3  
  36  3:47  Drone x4  
  43  3:57  Queen  
  43  3:59  Drone x2  
  43  4:00  Drone, Baneling Nest  
  43  4:01  Drone  
  48  4:15  Zergling x2  
  48  4:16  Zergling x6  
  52  4:23  Zergling x8  
  52  4:24  Zergling x6  
  59  4:32  Queen  
  61  4:39  Extractor  
  61  4:41  Drone x3  
  63  4:48  Drone  
  63  4:50  Zergling x6, Evolution Chamber  
  63  4:52  Overlord x2  
  65  5:11  Zergling x2  
  65  5:12  Zergling x20  
  76  5:25  Queen  
  80  5:29  Zerg Ground Armor Level 1  
  80  5:32  Baneling x3  
  80  5:33  Baneling x5  
  80  5:34  Zergling x6  
  81  5:45  Overlord x2  
  81  5:46  Overlord  
  67  6:16  Baneling x5  
  67  6:17  Zergling x28  
  67  6:18  Zergling x2  
  66  6:40  Baneling x6  
  66  6:47  Drone  
  66  6:48  Drone  
  66  6:49  Drone x3, Roach Warren  
  70  7:01  Baneling  
  70  7:02  Zergling x26, Baneling x3  
  83  7:22  Zergling x2  
  81  7:23  Zergling x12, Zerg Melee Weapons Level 1  
  63  7:51  Zergling x2  
  63  7:52  Zergling x20  
  62  8:00  Zergling x2  
  63  8:07  Zergling x2  
  63  8:08  Zergling x4  
  64  8:18  Zergling x10  
  64  8:23  Roach x5  
  64  8:24  Hatchery  
  64  8:25  Hatchery  
  63  8:51  Roach x6  
  72  9:15  Zergling x4  
  72  9:16  Overlord x3  
  73  9:27  Lair  
  73  9:29  Zerg Missile Weapons Level 1  
  73  9:31  Overlord x4  
  73  9:33  Queen x2  
  77  9:48  Baneling x4  
  77  9:49  Zergling x2  
  77  9:50  Zergling x24  
  90  10:16  Roach x13  
  116  10:23  Roach x7  
  130  10:30  Roach x2  
  134  10:49  Roach x4  
  142  10:58  Baneling x2  
  132  11:22  Zergling x2  
  132  11:23  Zergling x8  
  135  11:27  Overlord x2  
  135  11:32  Hatchery  
  122  11:40  Hatchery  
  110  12:05  Ravager x4  
  96  13:00  Spawning Pool  
  96  13:04  Baneling  
  96  13:05  Baneling x4  
  58  13:47  Zergling x10  
  58  13:48  Zergling x2  
  64  13:50  Zergling x10  
  64  14:22  Zergling x16  
  55  15:10  Queen  
  54  15:35  Zergling x10  
  59  15:44  Hatchery  
  54  15:56  Zergling x18  
  63  16:46  Extractor  
  62  16:47  Drone  
  62  16:48  Drone x3  
  62  16:50  Extractor  
Show
View Real Time Build Order
Export as new Build Order

FUCXI Terran 

Build Orders: Command Center First 

Get SALT Encoding   

  12  0:00  SCV  
  13  0:12  SCV  
  14  0:17  Supply Depot  
  14  0:24  SCV  
  15  0:39  SCV  
  16  0:51  SCV  
  17  1:00  Command Center  
  17  1:05  SCV  
  18  1:16  Barracks  
  18  1:20  SCV  
  18  1:24  Refinery  
  18  1:33  Refinery, SCV  
  19  1:46  SCV  
  20  1:54  Barracks  
  20  2:03  Orbital Command  
  20  2:09  Reaper  
  21  2:21  Orbital Command  
  21  2:32  Factory  
  21  2:42  Marine  
  21  2:43  Marine  
  23  2:46  SCV  
  24  2:52  Supply Depot  
  24  3:01  Barracks Tech Lab  
  24  3:02  Barracks Reactor  
  24  3:31  Marauder  
  24  3:32  Stimpack  
  24  3:34  SCV  
  27  3:48  Marine x2  
  27  3:50  Factory Tech Lab  
  28  3:55  Starport  
  28  3:57  Barracks  
  28  3:59  Barracks  
  28  4:03  SCV x2  
  28  4:06  Marine x2  
  28  4:07  Marine  
  33  4:14  Orbital Command  
  33  4:15  SCV  
  34  4:35  Barracks  
  34  4:37  Starport Reactor  
  34  4:38  Siege Tank  
  37  4:39  SCV  
  37  4:40  SCV  
  39  4:51  SCV  
  39  4:52  SCV  
  41  4:59  Barracks Reactor  
  41  5:00  Barracks Tech Lab  
  41  5:03  SCV  
  41  5:04  Supply Depot, SCV  
  41  5:05  Supply Depot  
  41  5:06  Supply Depot  
  43  5:08  Engineering Bay  
  43  5:13  Siege Tank  
  46  5:25  Refinery x2  
  46  5:26  SCV x2, Medivac x2  
  46  5:28  Combat Shield  
  52  5:35  Marine x3  
  55  5:46  Terran Infantry Weapons Level 1  
  55  5:52  Barracks Reactor  
  55  5:54  Marine x5  
  49  6:11  Marine  
  49  6:12  Marine x4  
  49  6:13  Marauder  
  49  6:14  SCV x2  
  58  6:26  SCV  
  58  6:29  Marauder, Marine, SCV  
  58  6:30  Marine x2  
  65  6:34  Marauder  
  65  6:36  Supply Depot  
  65  6:38  SCV  
  59  6:41  SCV  
  59  6:43  Supply Depot  
  59  6:46  Marine x3  
  62  6:47  Marine  
  64  7:03  Marine x3  
  64  7:04  Marauder  
  69  7:16  Marine x2  
  69  7:22  Marauder  
  73  7:25  Marauder  
  73  7:26  Marine x2  
  73  7:27  Marine x2  
  73  7:34  Marine x2  
  57  7:43  Marauder  
  57  7:44  Marine x2  
  59  7:45  Marine x2  
  59  7:47  Marauder  
  65  7:57  Marine x2  
  61  8:01  Marine  
  61  8:02  Marine  
  61  8:04  Marauder  
  65  8:08  Marauder  
  54  8:21  Marine  
  49  8:35  Marine x2  
  43  8:42  Marine x2  
  43  8:45  Marine x3  
  43  8:46  Marauder  
  45  8:53  Marine x2  
  44  9:00  Marine x2  
  46  9:03  Marine x2  
  46  9:04  Marauder  
  46  9:07  Marine  
  51  9:11  Marine x2  
  51  9:17  Marine  
  52  9:29  SCV x2  
  54  9:33  Medivac x2  
  58  9:41  SCV x2  
  60  9:52  Marine x5  
  65  9:53  Marauder x2  
  65  9:58  Siege Tank  
  72  10:01  Terran Infantry Armor Level 1  
  72  10:04  Marine  
  73  10:08  Medivac  
  73  10:09  Marine  
  73  10:10  Medivac  
  73  10:12  Marine  
  79  10:14  Marauder  
  79  10:17  SCV x2  
  79  10:18  Marine x2  
  85  10:27  Marine  
  86  10:37  Supply Depot  
  86  10:58  Marine x2  
  86  10:59  Marauder, Siege Tank, SCV  
  94  11:04  Marine  
  94  11:06  Marine x2  
  94  11:15  Marine  
  94  11:16  Marauder  
  94  11:18  Marine x2  
  94  11:20  Marauder  
  94  11:22  Marine  
  94  11:24  Marine x2  
  73  11:52  Marauder  
  33  13:54  Orbital Command  
  29  14:14  Barracks Reactor  
  10  15:23  Orbital Command  
  10  15:38  Barracks Reactor  
  10  15:44  Marine x2  
  4  16:01  Marine  
  4  16:02  Marine  
  4  16:03  SCV  
  7  16:19  Marine x2  
  9  16:37  Marine  
  10  16:43  Marine  
  10  16:46  Command Center  
  11  16:55  Marine  
Tags
 
Add a new tag
Caveats
  • Supply blocks, unpowered buildings, or Contaminate may cause inaccurate times.
  • Supply counts are checked every 10 seconds.